Workbook

Sheet Macro-commandes
A1: =#REF! -> #REF! | C1: Administration communale de:
A3: Gestion informatique du document. | B3: Commandes :
A5: Cliquez sur la commande>>>
C7: Enregistré

Sheet Coordonnées
A1: Synthèse du Budget | G1: C.P.A.S. de Gouvy | U1: Code INS | V1: 82037
U2: Exercice: | V2: =R27 -> 2026
A3: Modèle officiel généré par l'application eComptes © SPW Intérieur et Action Sociale | U3: Version: | V3: 2
G7: S Y N T H È S E du B U D G E T_x000D_ (avec M. B. approuvées)
G11: Module informatisé de publication des budgets annuels
C17: C.P.A.S. de : | J17: GOUVY
C19: Adresse de l'administration: | J19: Rue d'Ourthe, 12/A
J20: 6670 GOUVY
C23: Date d’arrêt du budget par le conseil: | J23: 10/02/2026
C25: Date d'approbation de la Tutelle: | J25: 18/03/2026
C27: Type document: | J27: Budget | O27: Exercice: | R27: 2026
C29: Directeur Général: | J29: Damien JACOT
C30: Tél: | J30: 080 292032
C31: Fax: | J31: 080 292040
C32: Email: | J32: damien.jacot@gouvy.be
C34: Directeur Financier: | J34: Marie LAMBERTZ
C35: Tél: | J35: 080 292949
C36: Fax: | J36: 080 292040
C37: Email: | J37: marie.lambertz@gouvy.be

Sheet Résultats
A1: Synthèse des Comptes | G1: =Coordonnées!G1 -> C.P.A.S. de Gouvy | W1: =Coordonnées!$U$1 -> Code INS | X1: =Coordonnées!V1 -> 82037
W2: =Coordonnées!$U$2 -> Exercice: | X2: =Coordonnées!V2 -> 2026
A3: Modèle officiel généré par l'application eComptes © SPW Intérieur et Action Sociale | W3: =Coordonnées!$U$3 -> Version: | X3: =Coordonnées!V3 -> 2
H6: Evolution du résultat budgétaire ordinaire
H7: =Coordonnées!$J$27 -> Budget | K7: =Coordonnées!$J$27 -> Budget | N7: =Coordonnées!$J$27 -> Budget | Q7: =Coordonnées!$J$27 -> Budget | T7: =Coordonnées!$J$27 -> Budget
A8: Exercices: | H8: =K8-1 -> 2022 | K8: =N8-1 -> 2023 | N8: =Q8-1 -> 2024 | Q8: =T8-1 -> 2025 | T8: =X2 -> 2026
A9: Résultats Exercice Propre* | H9: ='Ordinaire GE'!H26-'Ordinaire GE'!H15 -> -115128.82 | K9: ='Ordinaire GE'!K26-'Ordinaire GE'!K15 -> -112179.37 | N9: ='Ordinaire GE'!N26-'Ordinaire GE'!N15 -> 30325.36 | Q9: ='Ordinaire GE'!Q26-'Ordinaire GE'!Q15 -> 40723.5 | T9: ='Ordinaire GE'!T26-'Ordinaire GE'!T15 -> 36761.19
A10: Résultat global* (avec exercices antérieurs et prélèvements) | H10: ='Ordinaire GE'!H29-'Ordinaire GE'!H18 -> 0 | K10: ='Ordinaire GE'!K29-'Ordinaire GE'!K18 -> 0 | N10: ='Ordinaire GE'!N29-'Ordinaire GE'!N18 -> 0 | Q10: ='Ordinaire GE'!Q29-'Ordinaire GE'!Q18 -> 0 | T10: ='Ordinaire GE'!T29-'Ordinaire GE'!T18 -> 0
A11: * Montant arrondi à l'euro

Sheet Ordinaire GE
A1: Synthèse des Comptes | G1: =Coordonnées!G1 -> C.P.A.S. de Gouvy | W1: =Coordonnées!$U$1 -> Code INS | X1: =Coordonnées!V1 -> 82037
W2: =Coordonnées!$U$2 -> Exercice: | X2: =Coordonnées!V2 -> 2026
A3: Modèle officiel généré par l'application eComptes © SPW Intérieur et Action Sociale | W3: =Coordonnées!$U$3 -> Version: | X3: =Coordonnées!V3 -> 2
H6: Ventilation économique des dépenses et des recettes ordinaires
H7: =Coordonnées!$J$27 -> Budget | K7: =Coordonnées!$J$27 -> Budget | N7: =Coordonnées!$J$27 -> Budget | Q7: =Coordonnées!$J$27 -> Budget | T7: =Coordonnées!$J$27 -> Budget
H8: Dépenses ordinaires (Prévisions)
A9: Exercices: | H9: =K9-1 -> 2022 | K9: =N9-1 -> 2023 | N9: =Q9-1 -> 2024 | Q9: =T9-1 -> 2025 | T9: =X2 -> 2026
A10: Personnel | H10: 565767.47 | I10: 5512664.3 | J10: 5512664.3 | K10: 667996.6 | L10: 5512664.3 | M10: 5512664.3 | N10: 713058.42 | O10: 5512664.3 | P10: 5512664.3 | Q10: 826321.3 | R10: 5512664.3 | S10: 5512664.3 | T10: 828153.52 | U10: 5512664.3 | V10: 5512664.3
A11: Fonctionnement | H11: 304989.25 | I11: 2726342.7 | J11: 2726342.7 | K11: 324890.06 | L11: 2726342.7 | M11: 2726342.7 | N11: 314670.78 | O11: 2726342.7 | P11: 2726342.7 | Q11: 325427.11 | R11: 2726342.7 | S11: 2726342.7 | T11: 330867.11 | U11: 2726342.7 | V11: 2726342.7
A12: Transferts | H12: 1115534.1 | I12: 4264832 | J12: 4264832 | K12: 1493105.1 | L12: 4264832 | M12: 4264832 | N12: 1659463.1 | O12: 4264832 | P12: 4264832 | Q12: 1448385 | R12: 4264832 | S12: 4264832 | T12: 2082788.3 | U12: 4264832 | V12: 4264832
A13: Dette | H13: 94471.93 | I13: 41563.69 | J13: 41563.69 | K13: 94474.99 | L13: 41563.69 | M13: 41563.69 | N13: 94178.23 | O13: 41563.69 | P13: 41563.69 | Q13: 93528.2 | R13: 41563.69 | S13: 41563.69 | T13: 93483.51 | U13: 41563.69 | V13: 41563.69
A14: Prélèvements (hors 060) | H14: 0 | I14: 0 | J14: 0 | K14: 102400 | L14: 0 | M14: 0 | N14: 0 | O14: 0 | P14: 0 | Q14: 0 | R14: 0 | S14: 0 | T14: 0 | U14: 0 | V14: 0
A15: Total (exercice propre)* | H15: =SUM(H10:H14) -> 2080762.8 | K15: =SUM(K10:K14) -> 2682866.8 | N15: =SUM(N10:N14) -> 2781370.5 | Q15: =SUM(Q10:Q14) -> 2693661.6 | T15: =SUM(T10:T14) -> 3335292.4
A16: Exercices antérieurs | H16: 7515.79 | I16: 1521059 | J16: 2351270.7 | K16: 8013.75 | L16: 1659060.8 | M16: 1521059 | N16: 44003.55 | O16: 2230351.9 | P16: 1659060.8 | Q16: 12725.94 | R16: 2351270.7 | S16: 2230351.9 | T16: 23087.22 | U16: 2351270.7 | V16: 2230351.9
A17: Prélèvements | H17: 15000 | I17: 1192323.5 | J17: 824300.6 | K17: 35000 | L17: 4295659.9 | M17: 1192323.5 | N17: 0 | O17: 1045347.1 | P17: 4295659.9 | Q17: 159353.52 | R17: 824300.6 | S17: 1045347.1 | T17: 13673.97 | U17: 824300.6 | V17: 1045347.1
A18: Total général* | H18: =SUM(H15:H17) -> 2103278.6 | K18: =SUM(K15:K17) -> 2725880.5 | N18: =SUM(N15:N17) -> 2825374.1 | Q18: =SUM(Q15:Q17) -> 2865741.1 | T18: =SUM(T15:T17) -> 3372053.6
A19: * Montant arrondi à l'euro
H20: Recettes ordinaires (Prévisions)
A21: Exercices: | H21: =K21-1 -> 2022 | K21: =N21-1 -> 2023 | N21: =Q21-1 -> 2024 | Q21: =T21-1 -> 2025 | T21: =X2 -> 2026
A22: Prestation | H22: 183235.41 | I22: 373432.17 | J22: 697745.74 | K22: 171381.04 | L22: 373432.17 | M22: 697745.74 | N22: 169101.04 | O22: 373432.17 | P22: 697745.74 | Q22: 201931.94 | R22: 373432.17 | S22: 697745.74 | T22: 204045.16 | U22: 373432.17 | V22: 697745.74
A23: Transferts | H23: 1781898.5 | I23: 12728583 | J23: 13240575 | K23: 2397796.4 | L23: 12728583 | M23: 13240575 | N23: 2538434.9 | O23: 12728583 | P23: 13240575 | Q23: 2530891.8 | R23: 12728583 | S23: 13240575 | T23: 3166447.1 | U23: 12728583 | V23: 13240575
A24: Dette | H24: 500 | I24: 548784.99 | J24: 408005.67 | K24: 1510 | L24: 548784.99 | M24: 408005.67 | N24: 1760 | O24: 548784.99 | P24: 408005.67 | Q24: 1561.38 | R24: 548784.99 | S24: 408005.67 | T24: 1561.38 | U24: 548784.99 | V24: 408005.67
A25: Prélèvements | H25: 0 | I25: 0 | J25: 0 | K25: 0 | L25: 0 | M25: 0 | N25: 102400 | O25: 0 | P25: 0 | Q25: 0 | R25: 0 | S25: 0 | T25: 0 | U25: 0 | V25: 0
A26: Total (exercice propre)* | H26: =SUM(H22:H25) -> 1965633.9 | K26: =SUM(K22:K25) -> 2570687.4 | N26: =SUM(N22:N25) -> 2811695.9 | Q26: =SUM(Q22:Q25) -> 2734385.1 | T26: =SUM(T22:T25) -> 3372053.6
A27: Exercices antérieurs | H27: 92758.76 | I27: 6001218.3 | J27: 5811470.1 | K27: 56955.21 | L27: 6001218.3 | M27: 5811470.1 | N27: 7422.44 | O27: 6001218.3 | P27: 5811470.1 | Q27: 131355.96 | R27: 6001218.3 | S27: 5811470.1 | T27: 0 | U27: 6001218.3 | V27: 5811470.1
A28: Prélèvements | H28: 44885.85 | I28: 0 | J28: 0 | K28: 98237.91 | L28: 0 | M28: 0 | N28: 6255.75 | O28: 0 | P28: 0 | Q28: 0 | R28: 0 | S28: 0 | T28: 0 | U28: 0 | V28: 0
A29: Total général* | H29: =SUM(H26:H28) -> 2103278.6 | K29: =SUM(K26:K28) -> 2725880.5 | N29: =SUM(N26:N28) -> 2825374.1 | Q29: =SUM(Q26:Q28) -> 2865741.1 | T29: =SUM(T26:T28) -> 3372053.6
A30: * Montant arrondi à l'euro

Sheet Extraordinaire GE
A1: Synthèse des Comptes | G1: =Coordonnées!G1 -> C.P.A.S. de Gouvy | W1: =Coordonnées!$U$1 -> Code INS | X1: =Coordonnées!$V$1 -> 82037
W2: =Coordonnées!$U$2 -> Exercice: | X2: =Coordonnées!$V$2 -> 2026
A3: Modèle officiel généré par l'application eComptes © SPW Intérieur et Action Sociale | W3: =Coordonnées!$U$3 -> Version: | X3: =Coordonnées!$V$3 -> 2
H6: Ventilation économique des dépenses et des recettes extraordinaires
H7: =Coordonnées!$J$27 -> Budget | K7: =Coordonnées!$J$27 -> Budget | N7: =Coordonnées!$J$27 -> Budget | Q7: =Coordonnées!$J$27 -> Budget | T7: =Coordonnées!$J$27 -> Budget
H8: Dépenses extraordinaires (Prévisions)
A9: Exercices: | H9: =K9-1 -> 2022 | K9: =N9-1 -> 2023 | N9: =Q9-1 -> 2024 | Q9: =T9-1 -> 2025 | T9: =X2 -> 2026
A10: Transferts | H10: 0 | I10: 5512664.3 | J10: 5512664.3 | K10: 0 | L10: 5512664.3 | M10: 5512664.3 | N10: 0 | O10: 5512664.3 | P10: 5512664.3 | Q10: 0 | R10: 5512664.3 | S10: 5512664.3 | T10: 0 | U10: 5512664.3 | V10: 5512664.3
A11: Investissements | H11: 15492.87 | I11: 2726342.7 | J11: 2726342.7 | K11: 72750 | L11: 2726342.7 | M11: 2726342.7 | N11: 67000 | O11: 2726342.7 | P11: 2726342.7 | Q11: 60000 | R11: 2726342.7 | S11: 2726342.7 | T11: 30500 | U11: 2726342.7 | V11: 2726342.7
A12: Dette | H12: 0 | I12: 4264832 | J12: 4264832 | K12: 0 | L12: 4264832 | M12: 4264832 | N12: 0 | O12: 4264832 | P12: 4264832 | Q12: 0 | R12: 4264832 | S12: 4264832 | T12: 0 | U12: 4264832 | V12: 4264832
A13: Prélèvements | H13: 0 | I13: 41563.69 | J13: 41563.69 | K13: 0 | L13: 41563.69 | M13: 41563.69 | N13: 0 | O13: 41563.69 | P13: 41563.69 | Q13: 0 | R13: 41563.69 | S13: 41563.69 | T13: 0 | U13: 41563.69 | V13: 41563.69
H14: 0 | I14: 0 | J14: 0 | K14: 0 | L14: 0 | M14: 0 | N14: 0 | O14: 0 | P14: 0 | Q14: 0 | R14: 0 | S14: 0 | T14: 0 | U14: 0 | V14: 0
A15: Total (exercice propre)* | H15: =SUM(H10:H14) -> 15492.87 | K15: =SUM(K10:K14) -> 72750 | N15: =SUM(N10:N14) -> 67000 | Q15: =SUM(Q10:Q14) -> 60000 | T15: =SUM(T10:T14) -> 30500
A16: Exercices antérieurs | H16: 6000 | I16: 1521059 | J16: 2351270.7 | K16: 0 | L16: 1659060.8 | M16: 1521059 | N16: 0 | O16: 2230351.9 | P16: 1659060.8 | Q16: 0 | R16: 2351270.7 | S16: 2230351.9 | T16: 0 | U16: 2351270.7 | V16: 2230351.9
A17: Prélèvements | H17: 1 | I17: 1192323.5 | J17: 824300.6 | K17: 0 | L17: 4295659.9 | M17: 1192323.5 | N17: 0 | O17: 1045347.1 | P17: 4295659.9 | Q17: 0 | R17: 824300.6 | S17: 1045347.1 | T17: 5400 | U17: 824300.6 | V17: 1045347.1
A18: Total général* | H18: =SUM(H15:H17) -> 21493.87 | K18: =SUM(K15:K17) -> 72750 | N18: =SUM(N15:N17) -> 67000 | Q18: =SUM(Q15:Q17) -> 60000 | T18: =SUM(T15:T17) -> 35900
A19: * Montant arrondi à l'euro
H20: Recettes extraordinaires (Prévisions)
A21: Exercices: | H21: =K21-1 -> 2022 | K21: =N21-1 -> 2023 | N21: =Q21-1 -> 2024 | Q21: =T21-1 -> 2025 | T21: =X2 -> 2026
A22: Transferts | H22: 6000 | I22: 373432.17 | J22: 697745.74 | K22: 0 | L22: 365967.42 | M22: 373432.17 | N22: 0 | O22: 414709.37 | P22: 365967.42 | Q22: 0 | R22: 697745.74 | S22: 414709.37 | T22: 0 | U22: 557211.56 | V22: 577850.16
A23: Investissements | H23: 1 | I23: 12728583 | J23: 13240575 | K23: 0 | L23: 12120372 | M23: 12728583 | N23: 0 | O23: 12941518 | P23: 12120372 | Q23: 0 | R23: 13240575 | S23: 12941518 | T23: 5400 | U23: 13289627 | V23: 13396094
A24: Dette | H24: 0 | I24: 548784.99 | J24: 408005.67 | K24: 0 | L24: 536819.05 | M24: 548784.99 | N24: 0 | O24: 344975.81 | P24: 536819.05 | Q24: 0 | R24: 408005.67 | S24: 344975.81 | T24: 0 | U24: 128208.39 | V24: 26303.797
A25: Prélèvements | H25: 0 | I25: 0 | J25: 0 | K25: 0 | L25: 0 | M25: 0 | N25: 0 | O25: 0 | P25: 0 | Q25: 0 | R25: 0 | S25: 0 | T25: 0 | U25: 0 | V25: 0
A26: Total (exercice propre)* | H26: =SUM(H22:H25) -> 6001 | K26: =SUM(K22:K25) -> 0 | N26: =SUM(N22:N25) -> 0 | Q26: =SUM(Q22:Q25) -> 0 | T26: =SUM(T22:T25) -> 5400
A27: Exercices antérieurs | H27: 0 | K27: 0 | L27: 10122962 | M27: 6628334.6 | N27: 0 | O27: 6248838.2 | P27: 10122962 | Q27: 0 | R27: 6834216 | S27: 6248838.2 | T27: 0 | U27: 6001218.3 | V27: 5811470.1
A28: Prélèvements | H28: 15492.87 | I28: 0 | J28: 0 | K28: 72750 | L28: 0 | M28: 0 | N28: 67000 | O28: 0 | P28: 0 | Q28: 60000 | R28: 0 | S28: 0 | T28: 30500 | U28: 0 | V28: 0
A29: Total général* | H29: =SUM(H26:H28) -> 21493.87 | K29: =SUM(K26:K28) -> 72750 | N29: =SUM(N26:N28) -> 67000 | Q29: =SUM(Q26:Q28) -> 60000 | T29: =SUM(T26:T28) -> 35900
A30: * Montant arrondi à l'euro

Sheet DO fonctions
A1: =Coordonnées!A1 -> Synthèse du Budget | E1: =Coordonnées!G1 -> C.P.A.S. de Gouvy | I1: =Coordonnées!$U$1 -> Code INS | J1: =Coordonnées!$V$1 -> 82037
I2: =Coordonnées!$U$2 -> Exercice: | J2: =Coordonnées!$V$2 -> 2026
A3: =Coordonnées!A3 -> Modèle officiel généré par l'application eComptes © SPW Intérieur et Action Sociale | I3: =Coordonnées!$U$3 -> Version: | J3: =Coordonnées!$V$3 -> 2
E4: Ventilation fonctionnelle
E5: Evolution des dépenses ordinaires (exercice propre)
E6: =Coordonnées!$J$27 -> Budget | F6: =Coordonnées!$J$27 -> Budget | G6: =Coordonnées!$J$27 -> Budget | H6: =Coordonnées!$J$27 -> Budget | I6: =Coordonnées!$J$27 -> Budget
E7: =F7-1 -> 2022 | F7: =G7-1 -> 2023 | G7: =H7-1 -> 2024 | H7: =I7-1 -> 2025 | I7: =J2 -> 2026
A8: 0 Recettes et dépenses générales | E8: 30323.02 | F8: 147091.63 | G8: 25449.9 | H8: 174653.52 | I8: 28973.97
A9: 1 Administration générale | E9: 340909.2 | F9: 358958.57 | G9: 361838.81 | H9: 460397.72 | I9: 462735.34
A10: 3 Sécurité | E10: 0 | F10: 0 | G10: 0 | H10: 0 | I10: 0
A11: 4 Voiries-communications | E11: 0 | F11: 0 | G11: 0 | H11: 0 | I11: 0
A12: 5 Industrie - commerce | E12: 0 | F12: 0 | G12: 0 | H12: 0 | I12: 0
A13: 6 Sylviculture- Agriculture | E13: 0 | F13: 0 | G13: 0 | H13: 0 | I13: 0
A14: 70>75 Enseignement | E14: 0 | F14: 0 | G14: 0 | H14: 0 | I14: 0
A15: 76>77 Culture et sports | E15: 0 | F15: 0 | G15: 0 | H15: 0 | I15: 0
A16: 78 Radio, télévision, presse | E16: 0 | F16: 0 | G16: 0 | H16: 0 | I16: 0
A17: 79 Culte | E17: 0 | F17: 0 | G17: 0 | H17: 0 | I17: 0
A18: 80>86 Action Sociale | E18: 1617468.2 | F18: 2097717.7 | G18: 2299590.6 | H18: 2101906 | I18: 2741031.7
A19: 87 Santé publique et hygiène | E19: 9500 | F19: 12000 | G19: 10000 | H19: 11000 | I19: 11000
... A21: 93 Aménagement du territoire | E21: 0 | F21: 0 | G21: 0 | H21: 0 | I21: 0

Sheet RO fonctions
A1: =Coordonnées!A1 -> Synthèse du Budget | E1: =Coordonnées!G1 -> C.P.A.S. de Gouvy | I1: =Coordonnées!$U$1 -> Code INS | J1: =Coordonnées!$V$1 -> 82037
I2: =Coordonnées!$U$2 -> Exercice: | J2: =Coordonnées!$V$2 -> 2026
A3: =Coordonnées!A3 -> Modèle officiel généré par l'application eComptes © SPW Intérieur et Action Sociale | I3: =Coordonnées!$U$3 -> Version: | J3: =Coordonnées!$V$3 -> 2
E4: Ventilation fonctionnelle
E5: Evolution des recettes ordinaires (exercice propre)
E6: =Coordonnées!$J$27 -> Budget | F6: =Coordonnées!$J$27 -> Budget | G6: =Coordonnées!$J$27 -> Budget | H6: =Coordonnées!$J$27 -> Budget | I6: =Coordonnées!$J$27 -> Budget
E7: =F7-1 -> 2022 | F7: =G7-1 -> 2023 | G7: =H7-1 -> 2024 | H7: =I7-1 -> 2025 | I7: =J2 -> 2026
A8: 0 Recettes et dépenses générales | E8: 885493.18 | F8: 955804.94 | G8: 1012163.9 | H8: 1253017.6 | I8: 1123270.2
A9: 1 Administration générale | E9: 8390.96 | F9: 6153 | G9: 388 | H9: 2373 | I9: 2373
A10: 3 Sécurité | E10: 0 | F10: 0 | G10: 0 | H10: 0 | I10: 0
A11: 4 Voiries-communications | E11: 0 | F11: 0 | G11: 0 | H11: 0 | I11: 0
A12: 5 Industrie - commerce | E12: 0 | F12: 0 | G12: 0 | H12: 0 | I12: 0
A13: 6 Sylviculture- Agriculture | E13: 20 | F13: 20 | G13: 20 | H13: 20 | I13: 0
A14: 70>75 Enseignement | E14: 0 | F14: 0 | G14: 0 | H14: 0 | I14: 0
A15: 76>77 Culture et sports | E15: 0 | F15: 0 | G15: 0 | H15: 0 | I15: 0
A16: 78 Radio, télévision, presse | E16: 0 | F16: 0 | G16: 0 | H16: 0 | I16: 0
A17: 79 Culte | E17: 0 | F17: 0 | G17: 0 | H17: 0 | I17: 0
A18: 80>86 Action Sociale | E18: 1160568.8 | F18: 1706973.7 | G18: 1783386.3 | H18: 1544196.1 | I18: 2199268.4
A19: 87 Santé publique et hygiène | E19: 0 | F19: 0 | G19: 0 | H19: 0 | I19: 0
... A21: 93 Aménagement du territoire | E21: 0 | F21: 0 | G21: 0 | H21: 0 | I21: 0

Sheet DE fonctions
A1: =Coordonnées!A1 -> Synthèse du Budget | E1: =Coordonnées!G1 -> C.P.A.S. de Gouvy | I1: =Coordonnées!$U$1 -> Code INS | J1: =Coordonnées!$V$1 -> 82037
I2: =Coordonnées!$U$2 -> Exercice: | J2: =Coordonnées!$V$2 -> 2026
A3: =Coordonnées!A3 -> Modèle officiel généré par l'application eComptes © SPW Intérieur et Action Sociale | I3: =Coordonnées!$U$3 -> Version: | J3: =Coordonnées!$V$3 -> 2
E4: Ventilation fonctionnelle
E5: Evolution des dépenses extraordinaires (exercice propre)
E6: =Coordonnées!$J$27 -> Budget | F6: =Coordonnées!$J$27 -> Budget | G6: =Coordonnées!$J$27 -> Budget | H6: =Coordonnées!$J$27 -> Budget | I6: =Coordonnées!$J$27 -> Budget
E7: =F7-1 -> 2022 | F7: =G7-1 -> 2023 | G7: =H7-1 -> 2024 | H7: =I7-1 -> 2025 | I7: =J2 -> 2026
A8: 0 Recettes et dépenses générales | E8: 6001 | F8: 0 | G8: 0 | H8: 0 | I8: 5400
A9: 1 Administration générale | E9: 15000 | F9: 66750 | G9: 37000 | H9: 15000 | I9: 27500
A10: 3 Sécurité | E10: 0 | F10: 0 | G10: 0 | H10: 0 | I10: 0
A11: 4 Voiries-communications | E11: 0 | F11: 0 | G11: 0 | H11: 0 | I11: 0
A12: 5 Industrie - commerce | E12: 0 | F12: 0 | G12: 0 | H12: 0 | I12: 0
A13: 6 Sylviculture- Agriculture | E13: 0 | F13: 0 | G13: 0 | H13: 0 | I13: 0
A14: 70>75 Enseignement | E14: 0 | F14: 0 | G14: 0 | H14: 0 | I14: 0
A15: 76>77 Culture et sports | E15: 0 | F15: 0 | G15: 0 | H15: 0 | I15: 0
A16: 78 Radio, télévision, presse | E16: 0 | F16: 0 | G16: 0 | H16: 0 | I16: 0
A17: 79 Culte | E17: 0 | F17: 0 | G17: 0 | H17: 0 | I17: 0
A18: 80>86 Action Sociale | E18: 492.87 | F18: 4000 | G18: 4000 | H18: 28000 | I18: 3000
A19: 87 Santé publique et hygiène | E19: 0 | F19: 0 | G19: 0 | H19: 0 | I19: 0
... A21: 93 Aménagement du territoire | E21: 0 | F21: 0 | G21: 0 | H21: 0 | I21: 0

Sheet RE fonctions
A1: =Coordonnées!A1 -> Synthèse du Budget | E1: =Coordonnées!G1 -> C.P.A.S. de Gouvy | I1: =Coordonnées!$U$1 -> Code INS | J1: =Coordonnées!$V$1 -> 82037
I2: =Coordonnées!$U$2 -> Exercice: | J2: =Coordonnées!$V$2 -> 2026
A3: =Coordonnées!A3 -> Modèle officiel généré par l'application eComptes © SPW Intérieur et Action Sociale | I3: =Coordonnées!$U$3 -> Version: | J3: =Coordonnées!$V$3 -> 2
E4: Ventilation fonctionnelle
E5: Evolution des recettes extraordinaires (exercice propre)
E6: =Coordonnées!$J$27 -> Budget | F6: =Coordonnées!$J$27 -> Budget | G6: =Coordonnées!$J$27 -> Budget | H6: =Coordonnées!$J$27 -> Budget | I6: =Coordonnées!$J$27 -> Budget
E7: =F7-1 -> 2022 | F7: =G7-1 -> 2023 | G7: =H7-1 -> 2024 | H7: =I7-1 -> 2025 | I7: =J2 -> 2026
A8: 0 Recettes et dépenses générales | E8: 15492.87 | F8: 72750 | G8: 67000 | H8: 60000 | I8: 30500
A9: 1 Administration générale | E9: 0 | F9: 0 | G9: 0 | H9: 0 | I9: 0
A10: 3 Sécurité | E10: 0 | F10: 0 | G10: 0 | H10: 0 | I10: 0
A11: 4 Voiries-communications | E11: 0 | F11: 0 | G11: 0 | H11: 0 | I11: 0
A12: 5 Industrie - commerce | E12: 0 | F12: 0 | G12: 0 | H12: 0 | I12: 0
A13: 6 Sylviculture- Agriculture | E13: 0 | F13: 0 | G13: 0 | H13: 0 | I13: 5400
A14: 70>75 Enseignement | E14: 0 | F14: 0 | G14: 0 | H14: 0 | I14: 0
A15: 76>77 Culture et sports | E15: 0 | F15: 0 | G15: 0 | H15: 0 | I15: 0
A16: 78 Radio, télévision, presse | E16: 0 | F16: 0 | G16: 0 | H16: 0 | I16: 0
A17: 79 Culte | E17: 0 | F17: 0 | G17: 0 | H17: 0 | I17: 0
A18: 80>86 Action Sociale | E18: 6001 | F18: 0 | G18: 0 | H18: 0 | I18: 0
A19: 87 Santé publique et hygiène | E19: 0 | F19: 0 | G19: 0 | H19: 0 | I19: 0
... A21: 93 Aménagement du territoire | E21: 0 | F21: 0 | G21: 0 | H21: 0 | I21: 0

Sheet Evol aide sociale
A1: =Coordonnées!A1 -> Synthèse du Budget | B1: =Coordonnées!G1 -> C.P.A.S. de Gouvy | F1: =Coordonnées!$U$1 -> Code INS | G1: =Coordonnées!$V$1 -> 82037
F2: =Coordonnées!$U$2 -> Exercice: | G2: =Coordonnées!$V$2 -> 2026
A3: =Coordonnées!A3 -> Modèle officiel généré par l'application eComptes © SPW Intérieur et Action Sociale | F3: =Coordonnées!$U$3 -> Version: | G3: =Coordonnées!$V$3 -> 2
B4: Evolution des dépenses d'aide sociale
B5: =C5-1 -> 2022 | C5: =D5-1 -> 2023 | D5: =E5-1 -> 2024 | E5: =F5-1 -> 2025 | F5: =$G$2 -> 2026
A6: RI (333-01) | B6: 420000 | C6: 400000 | D6: 408000 | E6: 468000 | F6: 748000
A7: aide sociale en espèce (333-02) | B7: 21035.34 | C7: 10536 | D7: 14740 | E7: 13351 | F7: 8500
A8: aide sociale en avance sur prestations sociales (333-04) | B8: 25700 | C8: 25700 | D8: 25700 | E8: 25700 | F8: 25700
A9: article 60 (33399-02) | B9: 200000 | C9: 198000 | D9: 198000 | E9: 148192.85 | F9: 248192.85
A10: aide sociale récupérable auprès de l'Etat (333-03) | B10: 210000 | C10: 630000 | D10: 795000 | E10: 565000 | F10: 795000
A11: autres interventions directes en faveur des ménages | B11: 0 | C11: 0 | D11: 0 | E11: 0 | F11: 0
A12: aide sociale indirecte (334-xx) | B12: 152867.48 | C12: 151628.46 | D12: 145236.02 | E12: 142175.74 | F12: 153175.74
A13: autres | B13: 31520.98 | C13: 38169.04 | D13: 37436.95 | E13: 40077.41 | F13: 40174.88
A14: Aide Sociale | B14: 1061123.8 | C14: 1454033.5 | D14: 1624113 | E14: 1402497 | F14: 2018743.5
B57: =C57-1 -> 2022 | C57: =D57-1 -> 2023 | D57: =E57-1 -> 2024 | E57: =F57-1 -> 2025 | F57: =$G$2 -> 2026
A58: Nombre de RI au 31/12
A59: Nombre de personnes aidées financièrement:
A60: Pourcentage de la population aidée financièrement

Sheet MDR
A1: =Coordonnées!A1 -> Synthèse du Budget | B1: =Coordonnées!G1 -> C.P.A.S. de Gouvy | F1: =Coordonnées!$U$1 -> Code INS | G1: =Coordonnées!$V$1 -> 82037
F2: =Coordonnées!$U$2 -> Exercice: | G2: =Coordonnées!$V$2 -> 2026
A3: =Coordonnées!A3 -> Modèle officiel généré par l'application eComptes © SPW Intérieur et Action Sociale | F3: =Coordonnées!$U$3 -> Version: | G3: =Coordonnées!$V$3 -> 2
B4: Evolution des dépenses-recettes afférentes aux maisons de repos
B5: Recettes relatives aux maisons de repos
B6: =C6-1 -> 2022 | C6: =D6-1 -> 2023 | D6: =E6-1 -> 2024 | E6: =F6-1 -> 2025 | F6: =$G$2 -> 2026
A7: Prestations | B7: 0 | C7: 0 | D7: 0 | E7: 0 | F7: 0
A8: transfert | B8: 0 | C8: 0 | D8: 0 | E8: 0 | F8: 0
A9: Dette | B9: 0 | C9: 0 | D9: 0 | E9: 0 | F9: 0
A10: Facturation Interne | B10: 0 | C10: 0 | D10: 0 | E10: 0 | F10: 0
A11: Totaux | B11: =SUM(B7:B10) -> 0 | C11: =SUM(C7:C10) -> 0 | D11: =SUM(D7:D10) -> 0 | E11: =SUM(E7:E10) -> 0 | F11: =SUM(F7:F10) -> 0
B15: Dépenses relatives aux maisons de repos
B16: =C16-1 -> 2022 | C16: =D16-1 -> 2023 | D16: =E16-1 -> 2024 | E16: =F16-1 -> 2025 | F16: =$G$2 -> 2026
A17: Personnel | B17: 0 | C17: 0 | D17: 0 | E17: 0 | F17: 0
A18: Fonctionnement | B18: 0 | C18: 0 | D18: 0 | E18: 0 | F18: 0
A19: transfert | B19: 0 | C19: 0 | D19: 0 | E19: 0 | F19: 0
A20: Dette | B20: 0 | C20: 0 | D20: 0 | E20: 0 | F20: 0
A21: Facturation Interne | B21: 0 | C21: 0 | D21: 0 | E21: 0 | F21: 0
A22: Totaux | B22: =SUM(B17:B21) -> 0 | C22: =SUM(C17:C21) -> 0 | D22: =SUM(D17:D21) -> 0 | E22: =SUM(E17:E21) -> 0 | F22: =SUM(F17:F21) -> 0
A23: Coût(-) ou bénéfice net | B23: =B11-B22 -> 0 | C23: =C11-C22 -> 0 | D23: =D11-D22 -> 0 | E23: =E11-E22 -> 0 | F23: =F11-F22 -> 0
B27: =C27-1 -> 2022 | C27: =D27-1 -> 2023 | D27: =E27-1 -> 2024 | E27: =F27-1 -> 2025 | F27: =$G$2 -> 2026
A28: Recettes | B28: =B11 -> 0 | C28: =C11 -> 0 | D28: =D11 -> 0 | E28: =E11 -> 0 | F28: =F11 -> 0
A29: Dépenses | B29: =B22 -> 0 | C29: =C22 -> 0 | D29: =D22 -> 0 | E29: =E22 -> 0 | F29: =F22 -> 0
A30: Ecart | B30: =B28-B29 -> 0 | C30: =C28-C29 -> 0 | D30: =D28-D29 -> 0 | E30: =E28-E29 -> 0 | F30: =F28-F29 -> 0

Sheet Commentaires
A1: Synthèse des Comptes | G1: =Coordonnées!G1 -> C.P.A.S. de Gouvy | X1: =Coordonnées!$U$1 -> Code INS | Y1: =Coordonnées!$V$1 -> 82037
X2: =Coordonnées!$U$2 -> Exercice: | Y2: =Coordonnées!$V$2 -> 2026
A3: Modèle officiel généré par l'application eComptes © SPW Intérieur et Action Sociale | X3: =Coordonnées!$U$3 -> Version: | Y3: =Coordonnées!$V$3 -> 2
A6: Commentaires

Sheet Glossaire
A1: =Coordonnées!A1 -> Synthèse du Budget | G1: =Coordonnées!G1 -> C.P.A.S. de Gouvy | X1: =Coordonnées!$U$1 -> Code INS | Y1: =Coordonnées!$V$1 -> 82037
X2: =Coordonnées!$U$2 -> Exercice: | Y2: =Coordonnées!$V$2 -> 2026
A3: =Coordonnées!A3 -> Modèle officiel généré par l'application eComptes © SPW Intérieur et Action Sociale | X3: =Coordonnées!$U$3 -> Version: | Y3: =Coordonnées!$V$3 -> 2
A6: Glossaire
A8: Termes | F8: Définitions:
A9: Exercice propre | F9: L'exercice du document allant du 1er janvier au 31 décembre
A10: Exercices antérieurs | F10: Les opérations antérieures à l'exercice propre
A11: Résultat global | F11: Le boni ou le mali de l'exercice propre cumulé avec celui des exercices antérieurs
A12: Dépenses de transfert | F12: Dépenses effectuées à destination de tiers à la commune (d'autres institutions, organismes, ménages ..)
A13: Recettes de transfert | F13: Recettes en provenance de tiers ( subsides, taxes, … )
A14: Recettes de prestation | F14: Recettes découlant de services payants rendus par la commune, de locations, de droits d'entrée …
A15: Dépenses de prélèvements | F15: Sommes prélevées sur les excédents budgétaires par la commune pour alimenter des fonds de réserves ordinaires ou extraordinaires (pour financer des dépenses d'investissement sur fonds propres ) ou des provisions ( pour faire face à des charges futures importantes )
A16: Recettes de prélèvements | F16: Utilisation des fonds de réserve et des provisions (constitués au moyen des dépenses de prélèvement)
A17: Ordinaire | F17: Les recettes et dépenses nécessaires au fonctionnement de la commune (taxes, subventions , salaires,électricité,fournitures,…)
A18: Extraordinaire | F18: Les dépenses et leurs moyens de financement afférentes aux investissements ( travaux importants, rénovations, achat de matériel et de véhicules etc … )
